 Dungeon Crawl Stone Soup version 0.14-a0-2381-g4cacdb4 (webtiles) character file.

1549 RedPan the Basher (level 8, -3/46 HPs)
             Began as a Gargoyle Fighter on Feb 2, 2014.
             Was an Initiate of Okawaru.
             Slain by an orc warrior
             ... wielding a +1,+0 orcish morningstar
              (12 damage)
             ... on Level 6 of the Dungeon.
             The game lasted 00:27:38 (6373 turns).

RedPan the Basher (Gargoyle Fighter)                Turns: 6373, Time: 00:27:39

HP  -3/46        AC 18     Str 21      XL: 8   Next: 55%
MP   8/8         EV  3     Int 15      God: Okawaru [......]
Gold 259         SH 18     Dex  9      Spells:  0 memorised,  7 levels left

rFire  . . .     SeeInvis .     i - +0 whip
rCold  . . .     Clarity  .     p - +0 orc plate armour
rNeg   + . .     Conserve .     c - +0 shield
rPois  +         rCorr    .     (no helmet)
rElec  +         rRot     +     (no cloak)
SustAb . .       Spirit   .     M - +0 pair of gloves
rMut   +         Warding  .     z - +0 pair of boots
Saprov . . .     Stasis   .     k - amulet of resist mutation
MR     .....                    h - ring of flight
                                r - ring of wizardry

@: brilliant, not resistant to hostile enchantments, extremely unstealthy
A: life protection 1, electricity resistance, unbreathing, petrification
resistance, AC +5
a: Renounce Religion, Evoke Flight


You were on level 6 of the Dungeon.
You worshipped Okawaru.
Okawaru was noncommittal.
You were not hungry.

You visited 2 branches of the dungeon, and saw 7 of its levels.

You collected 259 gold pieces.

Inventory:

Hand weapons
 i - a +0,+0 whip (weapon)
Armour
 c - a +0 shield (worn)
 p - a +0 orcish plate armour (worn)
 z - a +0 pair of boots (worn)
 M - a +0 pair of gloves (worn)
Magical devices
 v - a wand of lightning (0)
Comestibles
 d - 5 bread rations
 A - a honeycomb
 K - 2 chokos
 N - 2 chunks of worm flesh
 O - 2 rotting chunks of kobold flesh
 P - a lemon
 Q - a rotting chunk of kobold flesh
 R - a slice of pizza
 S - a meat ration
Scrolls
 b - a scroll of fear {unknown}
 e - 2 scrolls of teleportation
 m - 3 scrolls of identify
 n - 2 scrolls of magic mapping
 o - a scroll of noise {unknown}
 t - 2 scrolls of enchant weapon I {unknown}
 x - 2 scrolls of curse armour {unknown}
 y - a scroll of blinking {unknown}
 C - 2 scrolls of remove curse {unknown}
 I - a scroll of enchant armour {unknown}
 J - 2 scrolls of curse jewellery {unknown}
 L - a scroll of enchant weapon II {unknown}
Jewellery
 a - an uncursed ring of magical power
 h - a ring of flight (right hand)
 k - an amulet of resist mutation (around neck)
 q - an uncursed ring of protection from magic {unknown}
 r - a ring of wizardry (left hand)
 u - an uncursed ring of see invisible {unknown}
 w - an uncursed amulet of guardian spirit
 D - an uncursed ring of magical power
Potions
 f - 3 potions of brilliance
 g - 2 potions of resistance {unknown}
 j - a potion of agility
 l - 2 potions of heal wounds
 s - 2 potions of restore abilities {unknown}
 B - a potion of flight {unknown}
 G - a potion of poison {unknown}
 U - a potion of confusion {unknown}
Books
 F - a book of the Earth

   Spells                             Type                      Level
   Dig                                Earth                        4
   Leda's Liquefaction                Hexes/Earth                  4
   Bolt of Magma                      Conjuration/Fire/Earth       5
   Statue Form                        Transmutation/Earth          6
   Iron Shot                          Conjuration/Earth            6
   Shatter                            Earth                        9
 H - a book of the Dragon

   Spells                             Type                      Level
   Flight                             Charms/Air                   3
   Cause Fear                         Hexes                        4
   Bolt of Fire                       Conjuration/Fire             6
   Dragon Form                        Transmutation                7
   Summon Dragon                      Summoning                    9
Magical staves
 E - an uncursed staff of conjuration


   Skills:
 - Level 3.2 Fighting
 + Level 11.1 Maces & Flails
 - Level 3.2 Armour
 - Level 3.2 Shields


You had 7 spell levels left.
You didn't know any spells.

Dungeon Overview and Level Annotations

Branches:
Dungeon (6/16)             Temple (1/1) D:5

Altars:
Ashenzari
Cheibriados
Dithmengos
Elyvilon
Fedhas
Kikubaaqudgha
Nemelex Xobeh
Okawaru
Sif Muna
Trog
Xom
Zin
The Shining One
Lugonu


Innate Abilities, Weirdness & Mutations

You are resistant to torment.
You are immune to poison.
Your stone body is very resilient (AC +5).
You resist negative energy.
You are resistant to electric shocks.
You can survive without breathing.
You are immune to petrification.


Message History

You hit the orc warrior.
The orc warrior is heavily wounded.
You block the orc warrior's attack.
You hit the orc warrior but do no damage.
The orc warrior is heavily wounded.
You closely miss the orc warrior.
The orc warrior is heavily wounded.
The orc warrior hits you with an orcish morningstar.
* * * LOW HITPOINT WARNING * * *
You hit the orc warrior but do no damage.
The orc warrior is heavily wounded.
You hit the orc warrior but do no damage.
The orc warrior is heavily wounded.
You block the orc warrior's attack.
Your shield and plate armour prevent you from hitting the orc warrior.
The orc warrior is heavily wounded.
You hit the orc warrior but do no damage.
The orc warrior is heavily wounded.
The orc warrior hits you with an orcish morningstar!
You die...

# . #. #.#### #######
######
##....#####.....#
#....#
#.....#.oo@.###.#
#....#
...#...).#.#######.##
#....#
..........o.#.......#
#....#
.........#..#.#.....#
#....# ...####.####
#.###.#####....# .
#.. #.#.......#....#
### # #.#####.#....#
#....##.#.....
.........'.....


You could see an orc warrior and an orc.

Vanquished Creatures
  The ghost of Elizilla the Covered, an experienced FoFi (D:4)
  A sky beast (D:5)
  A phantom (D:3)
  An ogre (D:4)
  A crimson imp (D:6)
  A gnoll shaman (D:4)
  A hound (D:6)
  3 orc wizards
  An iguana (D:4)
  3 worker ants
  An ogre zombie (D:5)
  9 adders
  14 gnolls
  2 worm zombies
  3 worms
  A giant mite (D:1)
  An inept feature mimic (D:6)
  A shadow imp (D:4)
  6 giant geckos
  4 oozes
  14 orcs
  27 bats
  A bat zombie (D:5)
  4 giant cockroaches
  26 goblins
  13 hobgoblins
  8 jackals
  4 quokkas
  5 giant newts
  2 gnoll zombies (D:4)
  25 kobolds
  An orc zombie (D:4)
  11 rats
197 creatures vanquished.

Notes
Turn   | Place    | Note
--------------------------------------------------------------
     0 | D:1      | RedPan, the Gargoyle Fighter, began the quest for the Orb.
     0 | D:1      | Reached XP level 1. HP: 14/14 MP: 1/1
   122 | D:1      | Reached XP level 2. HP: 12/19 MP: 2/2
   359 | D:1      | Reached XP level 3. HP: 18/23 MP: 3/3
   468 | D:1      | Reached skill level 4 in Maces & Flails
   792 | D:2      | Reached XP level 4. HP: 26/28 MP: 4/4
  1109 | D:2      | Found a snail-covered altar of Cheibriados.
  1122 | D:2      | Reached skill level 5 in Maces & Flails
  1584 | D:3      | Reached XP level 5. HP: 25/32 MP: 5/5
  1726 | D:3      | Noticed an angel
  1727 | D:3      | Found a shimmering altar of Xom.
  1728 | D:3      | Found a glowing silver altar of Zin.
  1896 | D:3      | Found a sparkling altar of Nemelex Xobeh.
  2111 | D:3      | Reached skill level 6 in Maces & Flails
  2259 | D:4      | Noticed a phantom
  2461 | D:3      | Killed a phantom
  2461 | D:3      | Reached skill level 7 in Maces & Flails
  2461 | D:3      | Reached XP level 6. HP: 15/37 MP: 6/6
  2755 | D:4      | Noticed Elizilla's ghost (experienced FoFi)
  2855 | D:4      | Killed Elizilla's ghost
  2855 | D:4      | Reached skill level 9 in Maces & Flails
  2855 | D:4      | Reached XP level 7. HP: 12/41 MP: 7/7
  3211 | D:4      | Noticed an ogre
  3225 | D:4      | Killed an ogre
  3631 | D:4      | Reached XP level 8. HP: 8/46 MP: 8/8
  4031 | D:4      | Reached skill level 10 in Maces & Flails
  4433 | D:4      | Found a shadowy altar of Dithmengos.
  4500 | D:5      | Entered Level 5 of the Dungeon
  4682 | D:5      | Found a staircase to the Ecumenical Temple.
  4700 | D:5      | Found an ancient bone altar of Kikubaaqudgha.
  4702 | Temple   | Entered the Ecumenical Temple
  5495 | D:6      | Found an iron altar of Okawaru.
  5504 | D:6      | Became a worshipper of Warmaster Okawaru
  6185 | D:6      | Reached skill level 11 in Maces & Flails
  6373 | D:6      | Slain by an orc warrior

Action                   |  1- 3 |  4- 6 |  7- 9 || total
-------------------------+-------+-------+-------++-------
Melee: Mace              |    32 |       |       ||    32
       Whip              |   157 |   553 |   750 ||  1460
  Use: Scroll            |       |     1 |     4 ||     5
       Potion            |       |       |     2 ||     2
